 Dungeon Crawl Stone Soup version 0.27.0 (webtiles) character file.

Game seed: 17329780680983389698

37 mainiacjoe the Magician (level 3, -1/33 HPs)
             Began as a Troll Hedge Wizard on July 30, 2021.
             Killed from afar by Sigmund (4 damage)
             ... with a magic dart
             ... on level 2 of the Dungeon.
             The game lasted 00:05:00 (833 turns).

mainiacjoe the Magician (Troll Hedge Wizard)         Turns: 833, Time: 00:05:01

Health: -1/33      AC:  4    Str: 18    XL:     3   Next: 23%
Magic:  3/5        EV:  9    Int: 11    God:
Gold:   31         SH:  0    Dex:  9    Spells: 5/6 levels left

rFire    . . .     SeeInvis +     - Unarmed
rCold    . . .     Faith    .   (no shield)
rNeg     . . .     Spirit   .   b - +0 robe
rPois    .         Reflect  .   c - +0 hat
rElec    .         Harm     .   (no cloak)
rCorr    .         Rampage  .   (gloves unavailable)
Will     .....                  (boots unavailable)
Stlth    +.........             (no amulet)
HPRegen  1.11/turn              f - ring of see invisible
MPRegen  0.09/turn              (no ring)

@: no status effects
A: large, unfitting armour, claws 3, regeneration 1, shaggy fur 1, tough skin 1
a: no special abilities


You were on level 2 of the Dungeon.
You visited 1 branch of the dungeon, and saw 2 of its levels.

You collected 31 gold pieces.

Inventory:

Hand Weapons
 a - a +0 dagger
 d - a +0 hunting sling
Armour
 b - a +0 robe (worn)
 c - a +0 hat (worn)
Jewellery
 f - a ring of see invisible (left claw)
Scrolls
 e - a scroll of enchant weapon {unknown}
 h - a scroll of magic mapping {unknown}
 k - a scroll of fog {unknown}
Potions
 g - a potion of curing {unknown}
 i - a potion of berserk rage {unknown}
 j - a potion of lignification {unknown}


   Skills:
 + Level 1.5 Fighting
 - Level 1.5 Dodging
 - Level 1.0 Stealth
 + Level 2.0 Unarmed Combat
 - Level 2.0 Spellcasting
 - Level 0.6 Conjurations
 - Level 0.6 Summonings
 - Level 0.6 Translocations


You had 5 spell levels left.
You knew the following spells:

 Your Spells              Type           Power      Damage    Failure   Level
a - Magic Dart            Conj           8%         1d3       22%         1

Your spell library contained the following spells:

 Spells                   Type           Power      Damage    Failure   Level
 Blink                    Tloc           N/A        N/A       34%         2
 Call Imp                 Summ           2%         N/A       34%         2
 Slow                     Hex            1%         N/A       41%         2
 Conjure Flame            Conj/Fire      1%         6-21      61%         3
 Mephitic Cloud           Conj/Pois/Air  1%         N/A       63%         3
 Inner Flame              Hex/Fire       1%         N/A       65%         3
 Cause Fear               Hex            0%         N/A       96%         4
 Discord                  Hex            0%         N/A       100%        8


Dungeon Overview and Level Annotations

Branches:
Dungeon (2/15)

Altars:

Shops:
D:1 :[

Annotations:
D:2 Sigmund, Terence


Innate Abilities, Weirdness & Mutations

You are too large for most types of armour.
You have claws for hands.
Your natural rate of healing is unusually fast.
You are covered in fur. (AC +1)
You have tough skin. (AC +1)


Message History

Terence flickers and vanishes for a moment.
You see here a giant cockroach corpse.
You barely miss Sigmund. Sigmund barely misses you.
You claw Sigmund!
Sigmund is moderately wounded.
You barely miss Sigmund.
Sigmund is moderately wounded.
Sigmund hits you with a +0 scythe of protection!
You barely miss Sigmund.
Sigmund is moderately wounded.
Terence bares his teeth.
Terence hits you with a +0 short sword.
Sigmund whispers, "You'll know eternity soon."
Sigmund barely misses you.
You scratch Sigmund.
Sigmund is moderately wounded.
Terence hits you with a +0 short sword.
Sigmund hits you with a +0 scythe of protection!
* * * LOW HITPOINT WARNING * * *
Your magical contamination has completely faded away.
You are too injured to fight recklessly!
You are too injured to fight recklessly!
You scratch Sigmund.
Sigmund is heavily wounded.
Terence barely misses you.
Sigmund mumbles some strange words.
Sigmund flickers and vanishes for a moment.
You claw Sigmund!
Sigmund is almost dead.
Terence hits you with a +0 short sword.
* * * LOW HITPOINT WARNING * * *
Sigmund gestures at you while chanting. The puff of flame hits you.
* * * LOW HITPOINT WARNING * * *
You closely miss Sigmund.
Sigmund is almost dead.
Terence hits you but does no damage. Sigmund casts a spell at you.
The magic dart hits you.
You die...

#.##.##.......##.#
+######.#...#.##.##.##.#
..............#...#..#.#
........#...#..........#
........##..[.....#..#..
...?...........#.##..#..
.......##.#.........##..
......@#........##.###..
......@@.....#...#.# #..
.......#...#.......# #..
.......##.##.#...#.# #..
.............##.##.# #..
........#..#.......# #..
..........########## #..
+###### .## #.. #. ..


You could see Sigmund (invisible) and Terence (invisible).

Vanquished Creatures
  An adder (D:2)
  2 bats (D:1)
  2 endoplasms (D:1)
  2 giant cockroaches
  2 goblins (D:1)
  4 hobgoblins (D:1)
  3 jackals (D:1)
  3 quokkas
  A ball python (D:2)
  2 frilled lizards (D:1)
  A kobold (D:1)
  A rat (D:1)
24 creatures vanquished.

Vanquished Creatures (others)
  A plant (D:1)
1 creature vanquished.

Grand Total: 25 creatures vanquished

Notes
Turn   | Place    | Note
-------+----------+-------------------------------------------
     0 | D:1      | mainiacjoe the Troll Hedge Wizard began the quest for the
                  | Orb.
     0 | D:1      | Reached XP level 1. HP: 16/16 MP: 2/2
   140 | D:1      | Found Uvabifiz's Book Boutique.
   205 | D:1      | Reached skill level 1 in Unarmed Combat
   210 | D:1      | Reached XP level 2. HP: 21/26 MP: 2/4
   306 | D:1      | Reached skill level 1 in Fighting
   338 | D:1      | Found a faded altar of an unknown god.
   394 | D:1      | Found Xiqov's Antique Armour Shoppe.
   721 | D:2      | Reached XP level 3. HP: 33/33 MP: 3/5
   814 | D:2      | Noticed Sigmund
   825 | D:2      | Noticed Terence
   833 | D:2      | Killed from afar by Sigmund

Illustrated notes

Levels and vault maps discovered:
D:1:      minmay_arrival_doors, layout_basic, serial_shops, shop,
          nicolae_square_shop, shapermc_ecumenical_altar_mp_urbaneastern
D:2:      layout_basic, hangedman_decor_clover_reticule, grunt_decor_clamped,
          amcnicky_mini_pool_small, minmay_misc_feat_encased, minmay_tripent,
          uniq_terence, uniq_sigmund

Skill      XL: |  1  2  3 |
---------------+----------+-----
Unarmed Combat | 1 2 |  2.0
Fighting       | 1 |  1.5
Dodging        | |  1.5
Stealth        | |  1.0
Spellcasting   | |  2.0
Conjurations   | |  0.6
Summonings     | |  0.6
Translocations | |  0.6

Action                   || total
-------------------------++-------
Melee: Unarmed           ||    57
 Cast: Magic Dart        ||    28
 Stab: Sleeping          ||     1
Armor: Robe              ||    20
Dodge: Dodged            ||    25
